Map: [TLMC15] Glittering Ashes

Players

ByuN

  • Race: Terran Terran

Serral - Winner!

  • Race: Zerg Zerg

Event: StayAtHome Story Cup #4

VOD

Have the link to the VOD?

Description

Time

  • Played on: Oct. 23, 2021, 9:05 a.m.
  • Length: 11:04

All games in this series

Show
View Real Time Build Order
Export as new Build Order

ByuN Terran 

Build Orders:  

Get SALT Encoding   

  12  0:00  SCV  
  13  0:12  SCV  
  14  0:17  Supply Depot  
  14  0:24  SCV  
  15  0:38  SCV  
  15  0:39  Barracks  
  16  0:43  Refinery  
  16  0:50  SCV  
  17  1:02  SCV  
  18  1:15  SCV  
  19  1:26  Barracks Reactor  
  19  1:27  Orbital Command  
  19  1:40  Command Center  
  19  1:47  Supply Depot  
  19  1:53  SCV  
  20  1:59  Barracks  
  20  2:02  Marine x2  
  20  2:06  SCV  
  23  2:14  Barracks  
  23  2:18  SCV  
  23  2:20  Marine  
  23  2:21  Marine  
  26  2:30  SCV  
  27  2:39  Marine x2  
  27  2:42  SCV  
  30  2:50  Barracks Tech Lab  
  30  2:52  Orbital Command  
  30  2:54  SCV  
  30  2:57  Marine x2  
  33  3:02  Barracks Tech Lab  
  33  3:06  SCV  
  33  3:11  Marine  
  33  3:15  Marine x2, Stimpack  
  31  3:22  Marine  
  27  3:29  Marine  
  27  3:32  Combat Shield  
  27  3:33  SCV, Marine x2  
  27  3:34  SCV  
  32  3:39  Refinery  
  32  3:42  Marine  
  32  3:46  SCV  
  32  3:47  SCV, Marine  
  36  3:51  Marine x2  
  38  3:58  Supply Depot, SCV  
  38  3:59  SCV  
  38  4:00  Marine  
  41  4:05  Marine  
  41  4:08  Marine x2  
  44  4:10  Factory  
  44  4:12  SCV  
  44  4:13  SCV  
  46  4:19  Marine  
  46  4:21  Supply Depot  
  47  4:24  SCV  
  47  4:25  SCV  
  47  4:27  Marine x3  
  52  4:37  SCV x2  
  54  4:42  Marine  
  54  4:43  Supply Depot  
  54  4:44  Marine x2  
  57  4:47  Marine  
  57  4:49  SCV x2  
  60  4:59  Starport, Factory Reactor  
  60  5:00  Marine  
  60  5:01  SCV  
  60  5:04  Engineering Bay  
  60  5:05  SCV, Refinery  
  60  5:06  Supply Depot  
  63  5:13  SCV  
  64  5:15  Marine x3  
  64  5:17  SCV  
  64  5:18  Marine  
  69  5:25  SCV  
  66  5:29  SCV  
  66  5:34  Marine x2  
  63  5:36  Terran Infantry Weapons Level 1  
  63  5:37  SCV  
  63  5:38  Marine  
  63  5:41  SCV  
  63  5:49  SCV  
  64  5:50  Barracks Reactor  
  64  5:51  Marine x2  
  64  5:53  SCV  
  64  5:55  Medivac x2  
  63  5:57  Marine  
  63  5:58  Siege Tank  
  63  6:02  Refinery  
  63  6:03  SCV  
  68  6:05  SCV  
  68  6:07  Supply Depot  
  69  6:11  Marine x2  
  69  6:15  Marine  
  72  6:25  Medivac x2  
  76  6:26  Supply Depot  
  76  6:28  Marine x2  
  76  6:29  Marine x2  
  80  6:33  Marine  
  81  6:41  Siege Tank  
  81  6:45  Marine  
  81  6:46  Marine  
  86  6:48  Marine x2  
  86  6:50  Supply Depot, Marine  
  86  6:51  Supply Depot  
  89  7:03  Marine  
  89  7:06  Marine x3  
  93  7:08  Marine  
  93  7:12  Liberator x2  
  100  7:16  Siege Tank  
  100  7:21  Marine  
  104  7:24  Marine  
  104  7:27  Marine x3  
  104  7:38  Command Center  
  104  7:39  Marine  
  104  7:41  Supply Depot, Terran Infantry Armor Level 1, Marine  
  106  7:45  Marine  
  106  7:48  Marine  
  106  7:49  Marine  
  106  7:50  Siege Tank  
  109  7:56  Medivac  
  109  7:57  Marine  
  109  7:58  Medivac  
  109  7:59  Marine  
  109  8:03  Marine  
  109  8:06  Marine x2  
  111  8:15  Marine  
  111  8:17  Marine  
  113  8:20  Marine  
  113  8:22  Siege Tank  
  113  8:24  Marine  
  118  8:28  Supply Depot  
  118  8:29  Supply Depot  
  118  8:49  Marine x5, Liberator x2  
  118  8:55  Siege Tank  
  128  9:07  Marine x5  
  122  9:11  Barracks  
  122  9:13  Barracks  
  118  9:25  Marine x5  
  118  9:27  Siege Tank  
  109  9:34  SCV x2, Orbital Command  
  110  9:40  Liberator x2  
  110  9:43  Marine x5  
  121  9:46  SCV x2  
  123  9:57  Armory  
  123  9:58  Engineering Bay  
  123  9:59  Barracks Reactor x2, Siege Tank  
  126  10:00  Marine x5  
  131  10:18  Marine x3  
  131  10:19  SCV x2  
  131  10:20  Marine x2  
  127  10:31  Siege Tank  
  127  10:34  SCV  
  131  10:36  Marine x3  
  131  10:38  SCV, Marine x2  
Show
View Real Time Build Order
Export as new Build Order

Serral Zerg - Winner!

Build Orders: Pool First 

Get SALT Encoding   

  12  0:00  Drone  
  13  0:12  Overlord  
  13  0:17  Drone  
  14  0:30  Drone x2  
  14  0:34  Drone  
  17  0:45  Drone, Extractor  
  17  0:49  Spawning Pool  
  16  0:55  Drone  
  17  1:06  Drone  
  18  1:16  Hatchery  
  17  1:20  Drone  
  18  1:35  Queen  
  18  1:36  Zergling x2  
  18  1:39  Zergling x2  
  22  1:46  Metabolic Boost  
  22  1:52  Overlord  
  22  2:11  Queen  
  24  2:16  Zergling x4  
  26  2:24  Zergling x2  
  26  2:28  Zergling x2  
  28  2:33  Zergling x2  
  29  2:40  Zergling x2  
  29  2:41  Hatchery  
  29  2:46  Drone  
  29  2:47  Drone  
  31  2:52  Drone  
  31  2:54  Drone  
  31  2:56  Drone  
  34  3:02  Overlord  
  34  3:07  Drone  
  34  3:10  Drone  
  34  3:12  Drone  
  34  3:21  Drone x3  
  34  3:23  Drone  
  34  3:24  Drone  
  37  3:33  Overlord  
  37  3:34  Drone  
  38  3:45  Queen x2  
  42  3:50  Overlord  
  42  3:51  Drone x2  
  44  3:56  Queen  
  44  3:59  Drone  
  44  4:01  Drone  
  48  4:05  Drone x2  
  48  4:08  Drone x2  
  52  4:12  Overlord  
  52  4:15  Zergling x2  
  52  4:16  Zergling x2  
  54  4:17  Drone  
  54  4:22  Drone, Queen  
  58  4:27  Queen  
  60  4:33  Zergling x2  
  60  4:34  Zergling x6  
  60  4:37  Queen  
  66  4:41  Drone  
  66  4:42  Drone x3  
  69  4:45  Drone  
  69  4:46  Drone  
  69  4:48  Overlord  
  69  4:52  Overlord  
  71  4:56  Zergling x4  
  71  4:59  Zergling x2  
  72  5:00  Baneling Nest  
  72  5:06  Queen  
  75  5:10  Lair  
  75  5:13  Queen  
  75  5:14  Extractor  
  75  5:15  Zergling x6  
  75  5:16  Zergling x2  
  75  5:20  Overlord  
  78  5:26  Zergling x12  
  77  5:33  Zergling x6  
  74  5:40  Drone x5  
  74  5:42  Drone  
  80  5:44  Drone  
  80  5:45  Queen  
  80  5:47  Evolution Chamber  
  80  5:48  Evolution Chamber  
  80  5:49  Drone x2  
  83  5:54  Drone x3  
  83  5:56  Overlord  
  85  6:01  Extractor x2  
  83  6:05  Drone x2  
  83  6:06  Drone  
  83  6:08  Centrifugal Hooks  
  83  6:09  Overseer  
  86  6:14  Zerg Melee Weapons Level 1  
  86  6:17  Drone x5  
  92  6:18  Drone x2  
  92  6:21  Zerg Ground Armor Level 1  
  93  6:30  Hatchery  
  93  6:32  Overlord  
  92  6:35  Queen  
  92  6:38  Zergling x6  
  92  6:39  Zergling x2  
  98  6:44  Baneling x8  
  98  6:46  Overlord  
  98  6:52  Zergling x10  
  98  6:53  Zergling x2  
  104  6:55  Overlord  
  104  6:57  Zergling x4  
  106  7:05  Zergling x14  
  113  7:11  Baneling x2  
  106  7:23  Zergling x14  
  106  7:28  Zergling x2  
  109  7:30  Baneling x2  
  109  7:37  Baneling x5  
  109  7:38  Zergling x14  
  109  7:41  Zergling x2  
  117  7:47  Zergling x6  
  118  7:53  Extractor  
  118  7:56  Drone x3  
  118  7:57  Hydralisk Den  
  112  7:59  Zergling x2  
  112  8:03  Zergling x18  
  115  8:06  Zergling x4  
  115  8:09  Zergling x2  
  115  8:11  Baneling  
  115  8:12  Baneling x3  
  118  8:13  Zergling x2  
  118  8:16  Zergling x2  
  118  8:17  Zergling x2  
  118  8:18  Queen  
  123  8:20  Zerg Ground Armor Level 2, Zerg Melee Weapons Level 2  
  123  8:22  Zergling x4  
  123  8:26  Baneling x7  
  125  8:27  Baneling x6  
  125  8:30  Zergling x2  
  125  8:31  Zergling x2  
  127  8:34  Overlord x5  
  127  8:38  Muscular Augments  
  127  8:40  Zergling x4  
  128  8:50  Overlord  
  128  8:54  Zergling x18  
  137  8:56  Baneling  
  137  9:02  Zergling x8  
  137  9:03  Zergling x4  
  137  9:09  Baneling  
  138  9:10  Baneling x8  
  138  9:13  Zergling x2  
  138  9:14  Zergling x6  
  139  9:18  Zergling x6  
  139  9:23  Zergling x6  
  123  9:34  Hydralisk x6  
  135  9:40  Hydralisk x5  
  141  9:51  Hydralisk x5  
  151  10:02  Drone x3  
  151  10:03  Drone x2  
  151  10:06  Infestation Pit  
  155  10:09  Zergling x4  
  155  10:12  Baneling x3  
  157  10:14  Zergling x12  
  157  10:24  Zergling x6  
  157  10:30  Zergling x8  
  160  10:36  Baneling x11  
  160  10:40  Zergling x4  
  160  10:41  Zergling x12  
  167  10:46  Zergling x10  
  167  10:47  Zergling x2  
Tags
 
Add a new tag
Caveats
  • Supply blocks, unpowered buildings, or Contaminate may cause inaccurate times.
  • Supply counts are checked every 10 seconds.